 Dungeon Crawl Stone Soup version 0.21-a0-442-g848f44b (webtiles) character file.

13 Gildeon the Grasshopper (level 2, -1/19 HPs)
             Began as a Human Wanderer on Nov 16, 2017.
             Slain by a goblin
             ... wielding a +0 club
              (4 damage)
             ... on level 1 of the Dungeon.
             The game lasted 00:05:35 (438 turns).

Gildeon the Grasshopper (Human Wanderer)             Turns: 438, Time: 00:05:36

Health: -1/19      AC:  3    Str: 12    XL:     2   Next: 50%
Magic:  1/5        EV: 11    Int: 13    God:
Gold:   0          SH:  0    Dex: 11    Spells: 4/6 levels left

rFire    . . .     SeeInvis .   e - +0 club
rCold    . . .     Gourm    .   (no shield)
rNeg     . . .     Faith    .   d - +0 robe
rPois    .         Spirit   .   (no helmet)
rElec    .         Reflect  .   (no cloak)
rCorr    .         Harm     .   i - +0 pair of gloves
MR       .....                  (no boots)
Stlth    +.........             (no amulet)
HPRegen  0.06/turn              (no ring)
MPRegen  0.09/turn              (no ring)

@: no status effects
A: no striking features
a: no special abilities


You were on level 1 of the Dungeon.
You were not hungry.

You visited 1 branch of the dungeon, and saw 1 of its levels.

Inventory:

Hand Weapons
 e - a +0 club (weapon)
Armour
 d - a +0 robe (worn)
 i - a +0 pair of gloves (worn)
Potions
 g - a potion of magic {unknown}
 h - 2 potions of flight {unknown}
Books
 a - a book of Maledictions

   Spells                             Type                      Level
   a - Corona                         Hexes                        1
   b - Ensorcelled Hibernation        Hexes/Ice                    2
   c - Confuse                        Hexes                        3
   d - Tukima's Dance                 Hexes                        3
   e - Dazzling Spray                 Conjuration/Hexes            3
 b - the Collected Works on Intoxication

   Spells                             Type                      Level
   a - Sting                          Conjuration/Poison           1
   b - Spider Form                    Transmutation/Poison         3
 c - Vocvil's Incunabulum of Air

   Spells                             Type                      Level
   a - Swiftness                      Charms/Air                   2
   b - Poisonous Vapours              Poison/Air                   2
Comestibles
 f - a bread ration


   Skills:
 - Level 1.0 Stealth
   Level 1.0 Shields
 + Level 2.8 Spellcasting
 - Level 1.0 Hexes
   Level 3.0 Translocations
   Level 2.0 Air Magic


You had 4 spell levels left.
You knew the following spells:

 Your Spells              Type           Power        Failure   Level  Hunger
a - Corona                Hex            #......      16%         1    #......
b - Sting                 Conj/Pois      #...         24%         1    #......


Dungeon Overview and Level Annotations

Branches:
Dungeon (1/15)

Altars:


Message History

The goblin hits you.
You miss the goblin. The goblin hits you with a club.
The goblin hits you but does no damage.
You closely miss the goblin. The goblin closely misses you.
The goblin misses you. The goblin closely misses you.
Casting: Corona
Confirm with . or Enter, or press ? or * to list all spells.
Aiming: Sting
Press: ? - help, Shift-Dir - straight line, f/p - goblin
Aim: a goblin The sting hits the goblin.
The goblin is severely wounded.
The goblin hits you with a club. The goblin hits you.
You miss the goblin.
The goblin is severely wounded.
The goblin hits you with a club.
* * * LOW HITPOINT WARNING * * *
The goblin misses you. The goblin hits you with a club.
You die...

######...
#..).....
#........
#........
#........
##########........
#....(..s.....#...
#.####..####..##..
#@####)##. ##.##..
#g#...s... #....#
#g..)...# .##.
###....## .. .
##.#.# #.#.# . ..
#.


You could see 2 goblins.

Vanquished Creatures
  An ooze (D:1)
  A bat (D:1)
  A goblin (D:1)
  A hobgoblin (D:1)
  3 kobolds (D:1)
7 creatures vanquished.

Notes
Turn   | Place    | Note
-------+----------+-------------------------------------------
     0 | D:1      | Gildeon the Human Wanderer began the quest for the Orb.
     0 | D:1      | Gildeon set off with: a book of Maledictions, the Collected Works on Intoxication, Vocvil's Incunabulum of Air, a +0 robe, a +0 club, a bread ration
     0 | D:1      | Reached XP level 1. HP: 13/13 MP: 3/3
     0 | D:1      | Identified the Collected Works on Intoxication
     0 | D:1      | Identified Vocvil's Incunabulum of Air
     2 | D:1      | Learned a level 1 spell: Corona
     4 | D:1      | Learned a level 1 spell: Sting
   317 | D:1      | Reached XP level 2. HP: 15/19 MP: 1/5
   438 | D:1      | Slain by a goblin

Vault maps used:
D:1:      shiori_arrival_maze, minmay_close_crescents

Action                   || total
-------------------------++-------
Melee: Club              ||    14
 Cast: Sting             ||    12
       Corona            ||     6
Armor: Robe              ||     5
Dodge: Dodged            ||    14

Table legend:
 A = Spawn XP
 B = Non-spawn XP
 C = Spawn XP percentage of total XP
 D = Spawn monster count
 E = Non-spawn monster count
 F = Spawn count percentage of total count
 G = Total turns spent on level
                    A         B        C        D         E        F      G
               +---------+---------+-------+---------+---------+-------+---------
         Total |       0 |      19 |   0.0 |       0 |       7 |   0.0 |   438
               +---------+---------+-------+---------+---------+-------+---------
           D:1 |       0 |      19 |   0.0 |       0 |       7 |   0.0 |   438
               +---------+---------+-------+---------+---------+-------+---------
